AoeStats
← Kanso

Arabia

510319162Analyzed
1v1 RM · 1d ago on Sep 30, 2026· 50m 54s· 2 players
Game mode
Random Map
Map size
Tiny (2 player)
Population
200
Speed
Normal
Resources
Standard
Victory
Conquest
Starting age
Dark Age
Ending age
Imperial Age
RankedLock teamsTeams togetherTeam positionsShared explorationLock speedFull tech treeHidden civsTurbo modeCheats
Victory
Defeat
🇱🇧 Hindustanis · Lebanon
1176
+15
🇫🇷 Magyars · France
1163
-15
arkance
9:10 Feudal Age
10:26 Loom
10:35 Double-Bit Axe
11:35 Horse Collar
21:27 Castle Age
21:37 Gold Mining
22:42 Bow Saw
23:52 Heavy Plow
24:42 Gold Shaft Mining
25:15 Wheelbarrow
24:29 Town Watch
27:27 Fletching
28:03 Bodkin Arrow
29:20 Ballistics
29:17 Padded Archer Armor
29:51 Husbandry
30:47 Bloodlines
31:31 Stone Mining
32:30 Thumb Ring
35:04 Leather Archer Armor
39:50 Imperial Age
39:45 Corvinian Army
40:59 Parthian Tactics
39:54 Heavy Cavalry Archer
40:56 Recurve Bow
41:02 Bracer
42:08 Ring Archer Armor
43:28 Chemistry
43:42 Light Cavalry
44:37 Hussar
46:17 Scale Barding Armor
Kanso
6:30 Loom
9:13 Feudal Age
16:02 Wheelbarrow
20:08 Castle Age
18:07 Horse Collar
18:28 Double-Bit Axe
19:26 Bloodlines
19:23 Gold Mining
20:04 Forging
20:47 Scale Barding Armor
23:31 Husbandry
24:22 Chain Barding Armor
25:54 Stone Mining
27:46 Bow Saw
32:03 Iron Casting
35:09 Imperial Age
32:57 Hand Cart
33:13 Squires
33:36 Scale Mail Armor
34:40 Chain Mail Armor
37:35 Conscription
38:40 Blast Furnace
38:28 Light Cavalry
38:56 Heavy Camel Rider
40:19 Plate Barding Armor
41:02 Elite Ghulam
45:34 Hussar
Connection lost

Rejoining the realm…

Still unreachable

The connection could not be restored.

Session expired

The server has moved on; the page needs a fresh start.